 Dungeon Crawl Stone Soup version 0.27.1-2-g3b301248ec (webtiles) character file.

Game seed: 8966536439530655213

11 barney the Ruffian (level 2, 6/23 HPs)
             Began as a Draconian Transmuter on Sept 30, 2021.
             Quit the game on level 1 of the Dungeon.
             The game lasted 00:00:27 (180 turns).

barney the Ruffian (Draconian Transmuter)            Turns: 180, Time: 00:00:28

Health: 6/23       AC:  4    Str: 12    XL:     2   Next: 13%
Magic:  4/4        EV: 12    Int: 13    God:
Gold:   27         SH:  0    Dex: 11    Spells: 4/5 levels left

rFire    . . .     SeeInvis .     - Unarmed
rCold    . . .     Faith    .   (no shield)
rNeg     . . .     Spirit   .   (armour unavailable)
rPois    .         Reflect  .   (helmet restricted)
rElec    .         Harm     .   (no cloak)
rCorr    .         Rampage  .   (no gloves)
Will     .....                  (no boots)
Stlth    +.........             (no amulet)
HPRegen  0.07/turn              (no ring)
MPRegen  0.09/turn              (no ring)

@: no status effects
A: AC +4, unfitting armour, cold-blooded, low mp 1
a: no special abilities


You were on level 1 of the Dungeon.
You visited 1 branch of the dungeon, and saw 1 of its levels.

You collected 27 gold pieces.

Inventory:

Jewellery
 c - an amulet of faith
Scrolls
 a - a scroll of torment {unknown}


   Skills:
 - Level 1.1 Fighting
 - Level 1.7 Dodging
 - Level 3.0 Unarmed Combat
 - Level 2.0 Spellcasting
 + Level 2.9 Transmutations


You had 4 spell levels left.
You knew the following spells:

 Your Spells              Type           Power      Damage    Failure   Level
a - Beastly Appendage     Tmut           16%        N/A       8%          1

Your spell library contained the following spells:

 Spells                   Type           Power      Damage    Failure   Level
 Wereblood                Tmut           8%         N/A       12%         2
 Spider Form              Tmut/Pois      2%         N/A       38%         3
 Ice Form                 Ice/Tmut       5%         N/A       80%         4


Dungeon Overview and Level Annotations

Branches:
Dungeon (1/15)

Altars:


Innate Abilities, Weirdness & Mutations

Your plain brown scales are hard. (AC +4)
You cannot fit into any form of body armour.
You are cold-blooded and may be slowed by cold attacks.
Your magical capacity is low. (-10% MP)


Message History

You grow a pair of large bovine horns.
Your feet morph into talons.
A kobold comes into view. It is wielding a +0 dagger.
Found 26 stones.
The kobold shouts!
The quokka barely misses you.
A goblin comes into view. It is wielding a +0 club.
You barely miss the quokka. The quokka closely misses you.
There are monsters nearby!
You completely miss the quokka.
The goblin shouts!
Your kick misses the quokka.
The quokka bites you but does no damage.
The quokka misses you.
There are monsters nearby!
You closely miss the quokka. You claw the quokka. You headbutt the quokka.
You kill the quokka!
Your transformation is almost over.
The kobold hits you with a +0 dagger.
You closely miss the goblin. The goblin hits you with a +0 club.
The kobold hits you but does no damage.
You completely miss the goblin. The goblin barely misses you.
The kobold hits you but does no damage.
You barely miss the goblin. Your kick misses the goblin.
The goblin hits you with a +0 club. The kobold closely misses you.
Casting: Beastly Appendage (safe; 8% risk of failure)
Confirm with . or Enter, or press ? or * to list all spells.
You miscast Beastly Appendage.
You are very lightly contaminated with residual magic.
Nothing appears to happen.
The goblin hits you with a +0 club. The kobold hits you with a +0 dagger.
You are too injured to fight recklessly!
You are too injured to fight recklessly!
The kobold hits you with a +0 dagger. The goblin hits you with a +0 club.
* * * LOW HITPOINT WARNING * * *
Your horns disappear.
Your talons disappear.
It was a potion of mutation.
You feel extremely strange.
You feel less energetic. The kobold barely misses you.
Your magical contamination has completely faded away.
Are you sure you want to abandon this character and quit the game? (Confirm with "yes".)

#####........##...#
#........##...#
##.......##...#
#.......##...#
#.....#......#
#............#
###.............#
#.............#
##@##.........#
##K##...#.#####
#.g.......#
#.........#
#.........#
#..........
#.......#+#.
#.......#
#.........


You could see a goblin and a kobold.

Vanquished Creatures
  2 dart slugs (D:1)
  A ball python (D:1)
  A giant cockroach (D:1)
  A kobold (D:1)
  A quokka (D:1)
6 creatures vanquished.

Notes
Turn   | Place    | Note
-------+----------+-------------------------------------------
     0 | D:1      | barney the Draconian Transmuter began the quest for the
                  | Orb.
     0 | D:1      | Reached XP level 1. HP: 16/16 MP: 3/3
     6 | D:1      | Noticed a lindwurm
     6 | D:1      | Noticed an anaconda
     6 | D:1      | Noticed a killer bee
     7 | D:1      | Noticed a snapping turtle
     7 | D:1      | Noticed a polar bear
   130 | D:1      | Reached XP level 2. HP: 23/23 MP: 3/5
   179 | D:1      | Gained mutation: Your magical capacity is low. (-10% MP)
                  | [potion of mutation]
   180 | D:1      | Quit the game

Illustrated notes

Levels and vault maps discovered:
D:1:      onia_arrival_zoo_common, layout_basic, minmay_surrounded

Action                   || total
-------------------------++-------
Melee: Unarmed           ||    23
       Kick              ||     4
       Headbutt          ||     3
       Tailslap          ||     1
       Punch             ||     1
 Cast: Beastly Appendage ||     5
  Use: Potion            ||     1
Armor: Skin              ||     6
Dodge: Dodged            ||    22
